 Dungeon Crawl Stone Soup version 0.30.0-15-g856e2d3f33 (webtiles) character file.

Game seed: 14699263134915749889

11134 SnakkuSnakku7 the Brawler (level 11, -2/86 HPs)
             Began as a Ghoul Hexslinger on May 20, 2023.
             Was a Priest of Uskayaw.
             Slain by an eight-headed hydra (9 damage)
             ... on level 2 of the Lair of Beasts.
             The game lasted 00:15:27 (10176 turns).

SnakkuSnakku7 the Brawler (Ghoul Hexslinger)       Turns: 10176, Time: 00:15:27

Health: -2/86      AC: 11    Str: 19    XL:     11   Next: 73%
Magic:  11/17      EV: 14    Int:  8    God:    Uskayaw [***...]
Gold:   747        SH:  4    Dex:  9    Spells: 12/12 levels left

rFire   + +          +
                       - Unarmed
rCold   . . .        j - +0 buckler
rNeg    + + +        x - +0 fire dragon scales
rPois   ∞            (no helmet)
rElec   .            E - +1 cloak
rCorr   .            (no gloves)
SInv    .            (no boots)
Will    .....        s - amulet of regeneration Stlth
                     f - +5 ring of evasion
HPRegen 0.00/turn    D - ring of protection from fire
MPRegen 0.15/turn

%: no passive effects
@: inhibited regen, studying Ranged Weapons
A: claws 1, cold resistance 1, negative energy resistance 3, inhibited
regeneration, torment resistance 2, devour on kill
a: Renounce Religion, Stomp, Line Pass


You were on level 2 of the Lair of Beasts.
You worshipped Uskayaw.
Uskayaw was aware of your devotion.
You visited 3 branches of the dungeon, and saw 13 of its levels.
You also visited: Ossuary.

You collected 1045 gold pieces.
You spent 298 gold pieces at shops.

Inventory:

Missiles
 C - 3 throwing nets
 G - 4 curare-tipped darts
Armour
 c - a +0 robe
 j - a +0 buckler (worn)
 m - a +0 ring mail
 o - a +0 pair of gloves
 x - +0 fire dragon scales (worn)
 E - a +1 cloak (worn)
Jewellery
 e - a ring of flight
 f - a +5 ring of evasion (left claw)
 s - an amulet of regeneration (around neck)
 D - a ring of protection from fire (right claw)
 K - a ring of see invisible
Wands
 p - a wand of flame (37)
 w - a wand of charming (10)
 H - a wand of polymorph (3)
 J - a wand of light (5)
Scrolls
 b - 3 scrolls of poison
 d - a scroll of fear
 g - 7 scrolls of teleportation
 h - 4 scrolls of immolation
 i - 3 scrolls of blinking
 k - 2 scrolls of silence
 y - 6 scrolls of fog
Potions
 a - 5 potions of might
 l - 3 potions of attraction
 n - 5 potions of haste
 q - 2 potions of flight
 r - 2 potions of heal wounds
 t - a potion of mutation {unknown}
 u - a potion of magic
 v - 8 potions of curing
 z - 4 potions of brilliance
 A - a potion of cancellation {unknown}
 B - a potion of ambrosia {unknown}
 F - 2 potions of resistance
 I - a potion of invisibility {unknown}


   Skills:
 - Level 5.0 Fighting
 - Level 1.7 Ranged Weapons
 + Level 4.2 Armour
 - Level 1.7 Dodging
 - Level 3.0 Shields
 - Level 15.0 Unarmed Combat
 - Level 1.0 Spellcasting
 - Level 2.4 Hexes
 - Level 10.0 Invocations


You had 12 spell levels left.
You didn't know any spells.
Your spell library contained the following spells:

 Spells                   Type           Power      Damage    Failure   Level
 Slow                     Hex            16%        N/A       56%         1
 Foxfire                  Conj/Fire      0%         2x1d4     87%         1
 Freeze                   Ice            0%         1d3       87%         1
 Magic Dart               Conj           0%         1d3       87%         1
 Shock                    Conj/Air       0%         1d3       87%         1
 Sting                    Tmut/Pois      0%         1d3       87%         1
 Call Imp                 Summ           0%         N/A       95%         2
 Lesser Beckoning         Tloc           0%         N/A       95%         2
 Poisonous Vapours        Pois/Air       0%         N/A       95%         2
 Scorch                   Fire           0%         2d5       95%         2
 Inner Flame              Hex/Fire       2%         N/A       97%         3
 Portal Projectile        Hex/Tloc       4%         N/A       97%         3
 Call Canine Familiar     Summ           0%         N/A       99%         3
 Frozen Ramparts          Ice            0%         1d1       99%         3
 Gell's Gravitas          Tloc           0%         N/A       99%         3
 Hailstorm                Conj/Ice       0%         3d3       99%         3
 Mephitic Cloud           Conj/Pois/Air  0%         N/A       99%         3
 Swiftness                Air            0%         N/A       99%         3
 Teleport Other           Tloc           0%         N/A       99%         3
 Volatile Blastmotes      Fire/Tloc      0%         2d10      99%         3
 Airstrike                Air            0%         2d(0-16)  100%        4
 Cause Fear               Hex            2%         N/A       100%        4
 Flame Wave               Conj/Fire      0%         2d4       100%        4
 Fulminant Prism          Conj/Hex       1%         3d5       100%        4
 Iskenderun's Mystic Bla  Conj/Tloc      0%         2d3       100%        4
 Leda's Liquefaction      Hex/Erth       1%         N/A       100%        4
 Olgreb's Toxic Radiance  Pois           0%         N/A       100%        4
 Fireball                 Conj/Fire      0%         3d3       100%        5
 Irradiate                Conj/Tmut      0%         3d11      100%        5
 Lee's Rapid Deconstruct  Erth           0%         3d4*      100%        5
 Dispersal                Tloc           0%         N/A       100%        6
 Plasma Beam              Fire/Air       0%         2x1d11    100%        6
 Starburst                Conj/Fire      0%         6d3       100%        6
 Summon Cactus Giant      Summ           0%         N/A       100%        6
 Fire Storm               Conj/Fire      0%         5d1       100%        9


Dungeon Overview and Level Annotations

Branches:
Dungeon (10/15)            Temple (1/1) D:4            Lair (2/5) D:10
Ossuary (visited)
  Swamp: Lair:2-3    Shoals: Lair:2-3     Snake: Lair:2-3    Spider: Lair:2-3
    Orc: D:9-12

Altars:
Ashenzari
Cheibriados
Dithmenos
Fedhas
Gozag
Hepliaklqana
Kikubaaqudgha
Makhleb
Nemelex Xobeh
Okawaru
Qazlal
Ru
Sif Muna
Trog
Uskayaw
Vehumet
Wu Jian
Xom
Yredelemnul
Lugonu

Shops:
D:2 [   D:6 ?   D:8 *


Innate Abilities, Weirdness & Mutations

You are immune to poison.
You have sharp fingernails.
Your flesh is cold resistant. (rC+)
You are immune to negative energy. (rN+++)
You do not regenerate when monsters are visible.
You are immune to unholy pain and torment.
You thrive by killing the living.


Message History

The eight-headed hydra barely misses you.
The eight-headed hydra closely misses you.
You block the eight-headed hydra's attack.
The eight-headed hydra closely misses you.
The eight-headed hydra barely misses you.
The eight-headed hydra bites you but does no damage. x2
Uskayaw will force your foes to share their pain.
You are too injured to fight recklessly!
You are too injured to fight recklessly!
Unknown command.
You are too injured to fight recklessly!
Unknown command.
You are too injured to fight recklessly!
You mangle the eight-headed hydra!!
The eight-headed hydra is almost dead.
The eight-headed hydra bites you!
* * * LOW HITPOINT WARNING * * *
The eight-headed hydra misses you. The eight-headed hydra bites you!
* * * LOW HITPOINT WARNING * * *
The eight-headed hydra bites you but does no damage. x5
Okay, then.
You stomp with the beat, sending a shockwave through the revellers around you!
The fungus begins to die.
The fungus is moderately damaged.
The eight-headed hydra is almost dead.
The eight-headed hydra bites you but does no damage. x2
The eight-headed hydra barely misses you.
The eight-headed hydra completely misses you.
The eight-headed hydra bites you.
* * * LOW HITPOINT WARNING * * *
The eight-headed hydra bites you but does no damage.
You block the eight-headed hydra's attack.
The eight-headed hydra misses you.
Unknown command.
You stomp with the beat, sending a shockwave through the revellers around you!
The fungus is moderately damaged.
The eight-headed hydra is almost dead.
The eight-headed hydra barely misses you.
The eight-headed hydra bites you!
You die... .....########... #### ................ .PP

♣♣♣..............
♣P♣P♣.♣.............
P♣♣♣♣♣♣♣P♣♣♣.♣............
.......♣....♣............
...8?........D...........
.......♣....♣..##D..#.#.
♣♣P♣♣PP♣♣.♣.♣♣##@P..# ♣P♣♣
♣♣♣♣♣♣ #...##


♣PD ♣.###....# ♣P. ♣♣♣.#......# ♣P♣ ♣♣♣P♣♣........# ♣#♣♣ ♣P.♣♣..########
.♣.######....# ..+P##.##....#.## ...>............. You could see an eight-headed
hydra.

Vanquished Creatures
  Erica (D:9)
  A cane toad (Lair:1)
  Maggie (D:10)
  4 kobold demonologists (D:10)
  A komodo dragon (Lair:2)
  Psyche (D:9)
  A troll (D:8)
  Prince Ribbit (D:7)
  A blink frog (D:10)
  2 wyverns
  14 yaks
  Grum (D:8)
  The ghost of Pimp the Ducker, an amateur MfWn (D:4)
  A steam dragon (D:7)
  2 acid dragons (D:9)
  Duvessa (D:6)
  4 water moccasins
  2 sky beasts
  2 orc warriors
  3 ice beasts
  2 ogres
  2 centaurs
  4 wolves (D:8)
  3 phantoms
  2 kobold brigands (D:10)
  4 bullfrogs
  3 scorpions
  9 wights
  Dowan (D:6)
  5 killer bees
  2 howler monkeys (D:9)
  7 electric eels (D:6)
  A bullfrog zombie (D:4)
  2 centaur zombies (D:4)
  4 jellies
  3 hounds
  2 orc priests (D:10)
  A centaur skeleton (D:4)
  2 gnoll boudas
  8 orc wizards
  A sleepcap (D:6)
  Jessica (D:2)
  2 iguanas (D:5)
  Terence (D:2)
  8 mummies (Ossuary)
  15 gnolls
  8 adders
  A shadow imp (D:6)
  2 white imps (D:6)
  An ufetubus (D:5)
  5 dart slugs
  24 orcs
  7 ball pythons
  7 endoplasms
  6 giant cockroaches
  A gnoll zombie (Ossuary)
  10 goblins
  8 hobgoblins
  3 jackals (D:1)
  5 bats
  7 frilled lizards
  A hobgoblin zombie (Ossuary)
  18 kobolds
  4 kobold zombies (Ossuary)
  2 orc zombies (Ossuary)
  8 rats
268 creatures vanquished.

Notes
Turn   | Place    | Note
-------+----------+-------------------------------------------
     0 | D:1      | SnakkuSnakku7 the Ghoul Hexslinger began the quest for the
                  | Orb.
     0 | D:1      | Reached XP level 1. HP: 16/16 MP: 1/1
    71 | D:1      | Reached skill level 1 in Unarmed Combat
    89 | D:1      | Reached XP level 2. HP: 20/24 MP: 2/2
   319 | D:1      | Reached XP level 3. HP: 26/29 MP: 3/3
   385 | D:1      | Reached skill level 2 in Unarmed Combat
   772 | D:2      | Noticed Jessica
   784 | D:2      | Killed Jessica
   785 | D:2      | Reached XP level 4. HP: 12/38 MP: 4/4
   959 | D:2      | Reached skill level 3 in Unarmed Combat
  1003 | D:2      | Noticed Terence
  1028 | D:2      | HP: 1/38 [Terence/+0 mace (3)]
  1031 | D:2      | Killed Terence
  1032 | D:2      | Reached XP level 5. HP: 2/45 MP: 5/5
  1477 | D:2      | Found Pouj's Antique Armour Shop.
  2156 | D:3      | Got Merov's Quarto of Brilliant Points
  2397 | D:3      | Found an opulent altar of Gozag.
  2532 | D:3      | Found a faded altar of an unknown god.
  3124 | D:4      | Reached skill level 4 in Unarmed Combat
  3164 | D:4      | Found a staircase to the Ecumenical Temple.
  3230 | Temple   | Entered the Ecumenical Temple
  3238 | Temple   | Became a worshipper of Uskayaw the Reveller
  3256 | D:4      | Reached * piety under Uskayaw
  3260 | D:4      | Reached ** piety under Uskayaw
  3261 | D:4      | Reached skill level 1 in Shields
  3261 | D:4      | Reached XP level 6. HP: 38/52 MP: 6/6
  3440 | D:4      | Found a transporter.
  3443 | D:4      | Noticed Pimp's ghost (amateur MfWn)
  3453 | D:4      | Found a transporter.
  3900 | D:4      | Reached skill level 5 in Unarmed Combat
  3941 | D:4      | Killed Pimp's ghost
  3942 | D:4      | Reached XP level 7. HP: 22/59 MP: 7/7
  3944 | D:4      | Reached *** piety under Uskayaw
  3953 | D:4      | Reached **** piety under Uskayaw
  3958 | D:4      | Reached skill level 6 in Unarmed Combat
  3993 | D:5      | Entered Level 5 of the Dungeon
  4182 | D:5      | Reached skill level 5 in Fighting
  4366 | D:5      | Reached skill level 7 in Unarmed Combat
  4366 | D:5      | Reached XP level 8. HP: 50/68 MP: 8/8
  5034 | D:6      | Reached skill level 8 in Unarmed Combat
  5163 | D:6      | Noticed Dowan
  5211 | D:6      | Noticed Duvessa
  5234 | D:6      | Killed Duvessa
  5235 | D:6      | Reached skill level 9 in Unarmed Combat
  5239 | D:6      | Killed Dowan
  5377 | D:6      | Reached skill level 10 in Unarmed Combat
  5377 | D:6      | Reached XP level 9. HP: 74/74 MP: 9/9
  5530 | D:6      | Found Zawosul's Magic Scroll Emporium.
  5545 | D:6      | Bought a scroll of teleportation for 42 gold pieces
  5545 | D:6      | Bought a scroll of fear for 56 gold pieces
  5545 | D:6      | Bought a scroll of fog for 56 gold pieces
  5689 | D:6      | Reached skill level 11 in Unarmed Combat
  5750 | D:6      | Reached ***** piety under Uskayaw
  5971 | D:6      | Reached skill level 12 in Unarmed Combat
  6286 | D:7      | Found a hazy altar of Hepliaklqana.
  6320 | D:7      | Found a shadowy altar of Dithmenos.
  6339 | D:7      | Found a radiant altar of Vehumet.
  6372 | D:7      | Reached skill level 13 in Unarmed Combat
  6372 | D:7      | Identified the +7 sling of Bodily Harmony {speed, rPois rN+
                  | Will+ Str-5 Int+3}
  6398 | D:7      | Noticed Prince Ribbit
  6409 | D:7      | Found a stormy altar of Qazlal.
  6411 | D:7      | Killed Prince Ribbit
  6412 | D:7      | Reached XP level 10. HP: 60/81 MP: 10/10
  6569 | D:7      | Found a burning altar of Makhleb.
  6820 | D:8      | Found Nirhuh's Assorted Antiques.
  6837 | D:8      | Reached skill level 14 in Unarmed Combat
  6839 | D:8      | Bought a potion of heal wounds for 120 gold pieces
  6839 | D:8      | Bought a scroll labelled FAELUC QYDYWU for 24 gold pieces
  6923 | D:8      | Found a sand-covered staircase.
  6931 | Ossuary  | Entered an ossuary
  7308 | D:8      | Noticed Grum
  7329 | D:8      | Killed Grum
  7645 | D:9      | Reached skill level 15 in Unarmed Combat
  7650 | D:9      | Reached skill level 1 in Invocations
  7812 | D:9      | Noticed Psyche
  7827 | D:9      | Killed Psyche
  7923 | D:9      | Noticed Erica
  8027 | D:9      | Killed Erica
  8028 | D:9      | Reached skill level 5 in Invocations
  8449 | D:10     | Entered Level 10 of the Dungeon
  8570 | D:10     | Noticed Maggie
  8585 | D:10     | Killed Maggie
  8586 | D:10     | Reached XP level 11. HP: 79/86 MP: 14/14
  8727 | D:10     | Noticed Sonja
  8733 | D:10     | Sonja changed into Sonja the blink frog
  8733 | D:10     | Noticed Sonja
  8737 | D:10     | Killed Sonja the blink frog
  8833 | D:10     | Found a corrupted altar of Lugonu.
  8856 | D:10     | Noticed a sun demon
  8865 | D:10     | HP: 4/86 [crimson imp[a kobold demonologist] (1)]
  9206 | D:10     | Reached skill level 10 in Invocations
  9210 | D:10     | Reached skill level 1 in Armour
  9237 | D:10     | Found a staircase to the Lair.
  9563 | Lair:1   | Entered Level 1 of the Lair of Beasts
 10146 | Lair:2   | Noticed an eight-headed hydra
 10176 | Lair:2   | Slain by an eight-headed hydra

Illustrated notes

Levels and vault maps discovered:
D:1:      minmay_arrival_wavy_path, layout_basic, minmay_3d_cube
D:2:      layout_loops_ring, serial_shops, shop, basic_altar, uniq_jessica,
          uniq_terence
D:3:      minmay_thinvault, layout_basic, grunt_gozag_breadcrumbs,
          shapermc_ecumenical_altar_mp_vishouse, minmay_goblin_kobold_house
D:4:      layout_loops_cross, minmay_temple_entry_tees,
          gammafunk_ghost_mausoleum
D:5:      layout_loops_ring
D:6:      minmay_inner_zag, layout_basic, serial_shops, shop, serial_bayou,
          serial_bayou_pond_b, serial_bayou_pond_b, serial_bayou_lake_a,
          serial_bayou_pond_e, serial_bayou_shore_a, serial_bayou_crossing,
          uniq_duvessa
D:7:      layout_loops_ring, lightli_temple_of_fire, grunt_qazlal_sundering,
          chequers_temple_overflow_statue_of_worship,
          mainiacjoe_overflow_concentric_impassable,
          mainiacjoe_overflow_six_doors_small, uniq_prince_ribbit1
D:8:      layout_rooms, serial_shops, shop, enter_ossuary_1, uniq_grum
D:9:      layout_basic, uniq_erica, uniq_psyche
D:10:     kennysheep_kobold_lugonu_temple, layout_loops_corners,
          lair_entry_dummy, uniq_sonja, uniq_maggie
Temple:   nicolae_temple_no_exploring_needed
Lair:1:   layout_gridlike
Lair:2:   layout_regular_city, minmay_swamp_entry_worms, wad_woods_road_02

Skill      XL: |  1  2  3  4  5  6  7  8  9 10 11 |
---------------+----------------------------------+-----
Unarmed Combat | 1 2 3 4 5 7 10 13 15 | 15.0
Fighting       | 2 3 4 5 |  5.0
Shields        | 1 3 |  3.0
Invocations    | 6 10 | 10.0
Armour         | 4 |  4.2
Ranged Weapons | |  1.7
Dodging        | |  1.7
Spellcasting   | |  1.0
Hexes          | |  2.4

Action                     |  1- 3 |  4- 6 |  7- 9 | 10-12 || total
---------------------------+-------+-------+-------+-------++-------
  Melee: Unarmed           |    37 |   273 |   349 |   367 ||  1026
   Fire: Sling             |    78 |       |       |       ||    78
 Invoke: Stomp             |       |       |       |     2 ||     2
  Evoke: Wand              |       |       |    10 |     2 ||    12
    Use: Potion            |       |     2 |       |       ||     2
         Scroll            |       |     3 |    10 |    10 ||    23
   Stab: Paralysed         |       |       |    13 |    20 ||    33
 Armour: Robe              |    10 |       |       |       ||    10
         Ring mail         |     2 |    32 |       |       ||    34
         Fire dragon scale |       |    44 |   105 |   101 ||   250
  Dodge: Dodged            |    72 |   172 |   151 |   198 ||   593
  Block: Buckler           |     2 |    29 |    47 |    59 ||   137
